Map: Ascension to Aiur LE

Players

Classic - Winner!

  • Race: Protoss Protoss
  • League: Master
  • Spawn Location: 11:00

Ryung

  • Race: Terran Terran
  • League: Master
  • Spawn Location: 5:00

VOD

https://www.twitch.tv/videos/165903033

Description

Time

  • Played on: Aug. 10, 2017, 11:20 a.m.
  • Length: 11:28
Show
View Real Time Build Order
Export as new Build Order

Classic Protoss - Winner!

Build Orders: 1 Gate Expand, Oracle Opening 

Get SALT Encoding   

  12  0:00  Probe (Chrono Boost)  
  13  0:11  Probe (Chrono Boost)  
  14  0:18  Pylon  
  14  0:21  Probe (Chrono Boost)  
  15  0:36  Probe (Chrono Boost), Gateway  
  15  0:41  Assimilator  
  16  0:47  Probe (Chrono Boost)  
  17  0:57  Probe (Chrono Boost)  
  18  1:08  Probe (Chrono Boost)  
  19  1:20  Nexus  
  19  1:29  Cybernetics Core  
  19  1:32  Probe (Chrono Boost)  
  20  1:37  Assimilator  
  20  1:42  Probe (Chrono Boost)  
  21  1:47  Pylon  
  21  1:53  Probe (Chrono Boost)  
  22  2:03  Probe (Chrono Boost)  
  23  2:14  Probe (Chrono Boost), Stargate  
  24  2:18  Adept  
  26  2:24  Probe (Chrono Boost)  
  26  2:29  Warp Gate  
  27  2:32  Probe (Chrono Boost)  
  27  2:35  Probe (Chrono Boost)  
  29  2:42  Probe (Chrono Boost)  
  30  2:45  Probe (Chrono Boost)  
  31  2:52  Probe (Chrono Boost)  
  31  2:56  Probe (Chrono Boost)  
  31  2:57  Oracle (Chrono Boost)  
  36  3:02  Probe  
  37  3:07  Probe  
  37  3:12  Probe  
  40  3:20  Probe, Nexus  
  40  3:23  Pylon  
  40  3:25  Probe  
  41  3:30  Oracle (Chrono Boost)  
  41  3:34  Probe  
  45  3:35  Probe  
  46  3:43  Assimilator  
  46  3:46  Probe  
  46  3:48  Probe, Assimilator  
  48  3:56  Gateway  
  48  3:59  Gateway  
  48  4:00  Probe x2 (Chrono Boost)  
  50  4:06  Twilight Council  
  50  4:10  Forge  
  50  4:12  Probe x2 (Chrono Boost)  
  52  4:19  Pylon  
  52  4:22  Probe x2 (Chrono Boost)  
  54  4:30  Resonating Glaives  
  54  4:37  Probe x3 (Chrono Boost)  
  57  4:43  Protoss Ground Weapons Level 1 (Chrono Boost)  
  57  4:46  Probe  
  57  4:48  Probe x2  
  57  4:52  Gateway x2  
  60  4:54  Gateway  
  60  4:57  Probe  
  61  5:00  Probe x2  
  63  5:07  Sentry x3  
  63  5:09  Probe  
  63  5:10  Pylon  
  63  5:12  Probe x2  
  72  5:17  Gateway  
  72  5:18  Mothership Core  
  72  5:19  Gateway  
  74  5:22  Pylon  
  74  5:24  Probe x2  
  76  5:29  Pylon  
  76  5:34  Adept x3  
  80  5:36  Pylon  
  80  5:42  Probe  
  80  5:43  Robotics Facility  
  80  5:45  Pylon  
  81  5:51  Sentry  
  81  5:54  Pylon  
  81  5:55  Blink  
  83  5:59  Adept x5  
  83  6:03  Pylon  
  93  6:11  Protoss Ground Armor Level 1 (Chrono Boost)  
  93  6:18  Pylon  
  93  6:23  Adept x4  
  93  6:24  Adept x2  
  105  6:28  Adept x2  
  105  6:31  Observer (Chrono Boost)  
  110  6:35  Probe x3, Assimilator  
  110  6:36  Assimilator  
  113  6:46  Stalker x4  
  121  6:51  Adept x2  
  123  7:02  Adept x2  
  123  7:06  Pylon  
  123  7:07  Pylon  
  119  7:14  Adept x3  
  119  7:15  Adept x2  
  113  7:26  Adept x3  
  113  7:28  Probe  
  113  7:29  Probe x2  
  117  7:35  Pylon  
  117  7:36  Observer (Chrono Boost), Pylon  
  118  7:41  Mothership Core  
  118  7:42  Adept  
  118  7:43  Adept x4  
  130  7:47  Stalker  
  132  7:54  Observer (Chrono Boost)  
  132  7:57  Stalker x2  
  137  8:04  Protoss Ground Weapons Level 2  
  137  8:05  Robotics Bay  
  137  8:08  Pylon  
  137  8:10  Pylon, Adept x4  
  145  8:17  Stalker x2  
  149  8:34  Adept x6  
  141  8:45  Pylon  
  141  8:46  Adept x2  
  137  8:51  Colossus (Chrono Boost)  
  137  8:55  Pylon  
  135  8:58  Extended Thermal Lance (Chrono Boost)  
  141  9:04  Adept x2  
  145  9:17  Robotics Facility  
  145  9:20  Nexus  
  145  9:29  Pylon  
  145  9:34  Stalker x5  
  155  9:42  Colossus (Chrono Boost)  
  155  9:51  Pylon  
  155  9:52  Pylon x2  
  161  10:03  Colossus (Chrono Boost)  
  167  10:14  Stalker x4  
  173  10:27  Stalker x4  
  166  10:40  Colossus (Chrono Boost)  
  172  10:48  Stalker x4  
  178  10:54  Adept x3  
  178  10:55  Adept  
  182  11:11  Adept  
  162  11:12  Adept x3  
Show
View Real Time Build Order
Export as new Build Order

Ryung Terran 

Build Orders: Command Center First (CC), MMM Bio 

Get SALT Encoding   

  12  0:01  SCV  
  13  0:13  SCV  
  14  0:17  Supply Depot  
  14  0:25  SCV  
  15  0:38  SCV  
  16  0:50  SCV  
  17  0:59  Command Center  
  17  1:03  SCV  
  18  1:15  Barracks  
  18  1:17  SCV  
  19  1:29  SCV  
  19  1:31  Barracks  
  20  1:41  SCV  
  20  1:44  Barracks  
  21  1:53  SCV  
  22  2:03  Marine  
  22  2:05  Orbital Command  
  23  2:14  Orbital Command  
  23  2:19  Marine  
  23  2:21  Marine  
  25  2:23  Refinery  
  25  2:25  Refinery  
  25  2:31  SCV  
  25  2:34  Marine  
  25  2:36  Marine  
  27  2:39  Marine  
  27  2:40  SCV  
  27  2:43  SCV  
  31  2:46  Supply Depot  
  31  2:52  SCV  
  31  2:54  Barracks Tech Lab  
  31  2:55  Marine  
  31  2:56  SCV, Marine  
  35  3:04  SCV  
  36  3:06  Engineering Bay  
  36  3:08  SCV  
  37  3:13  Stimpack, Marine  
  37  3:14  Marine  
  37  3:15  Marine  
  37  3:18  SCV  
  41  3:20  SCV  
  42  3:28  Supply Depot  
  42  3:30  SCV  
  42  3:32  SCV  
  44  3:36  Factory  
  44  3:38  Marine x2  
  46  3:42  Missile Turret  
  46  3:48  Refinery  
  46  3:49  Marine  
  46  3:50  SCV x2  
  49  3:59  Marine x2  
  49  4:01  Supply Depot  
  49  4:02  SCV x2  
  52  4:06  Terran Infantry Weapons Level 1  
  52  4:09  Missile Turret  
  52  4:14  SCV x2  
  54  4:18  Barracks Reactor, Barracks Tech Lab  
  54  4:22  Starport  
  54  4:25  Refinery  
  54  4:26  Factory Reactor  
  54  4:27  SCV x2  
  55  4:38  Marine, Combat Shields  
  55  4:39  Marine, SCV x2  
  55  4:44  Supply Depot  
  59  4:51  SCV  
  59  4:52  SCV  
  61  4:55  Supply Depot  
  62  5:00  Marauder  
  62  5:05  Marauder, Marine x2, SCV x2  
  68  5:10  Medivac  
  68  5:14  Factory Reactor, Supply Depot  
  70  5:17  Medivac  
  70  5:18  SCV x2, Supply Depot  
  74  5:23  Marine  
  75  5:32  Marauder, Marine  
  80  5:36  Marauder  
  80  5:38  Supply Depot  
  80  5:39  Supply Depot  
  80  5:40  Medivac, Concussive Shells  
  80  5:41  Marine  
  83  5:47  Medivac  
  85  5:50  Widow Mine x2  
  85  5:56  Marauder  
  93  5:57  Marauder  
  93  5:59  Marine x2  
  93  6:00  Terran Infantry Armor Level 1  
  93  6:02  Supply Depot  
  93  6:03  Supply Depot  
  95  6:11  SCV  
  95  6:12  SCV  
  95  6:16  Medivac  
  95  6:17  Medivac  
  101  6:25  Marauder x2, Marine x2  
  106  6:28  Widow Mine x2  
  106  6:31  Supply Depot  
  110  6:33  Supply Depot  
  110  6:51  Marauder, Marine  
  110  6:52  Marauder  
  115  6:57  Command Center  
  115  6:59  SCV  
  115  7:00  SCV  
  98  7:14  Marauder, Marine x2  
  98  7:15  Marauder  
  93  7:22  Liberator  
  77  7:32  SCV, Marine x2  
  77  7:36  Marauder x2  
  83  7:40  Liberator  
  86  7:54  Marine  
  86  7:55  Marine  
  86  7:57  Marauder x2  
  95  8:00  SCV x2  
  95  8:03  Widow Mine x2  
  101  8:08  Liberator  
  101  8:11  Orbital Command  
  101  8:19  Marine x2  
  101  8:20  Marauder x2  
  93  8:36  Liberator, Widow Mine  
  93  8:37  Widow Mine  
  93  8:38  SCV x3  
  93  8:47  Marauder x2, Marine x2  
  89  9:00  Liberator  
  89  9:12  Marauder, Marine x2  
  89  9:13  Marauder  
  95  9:18  Liberator  
  98  9:27  Widow Mine x2  
  98  9:30  Marine x2  
  104  9:34  Marauder x2  
  111  9:48  SCV x3  
  111  9:50  Marine x2  
  116  9:55  Marauder x2  
  116  9:57  Widow Mine x2  
  124  10:06  SCV x2  
  126  10:07  SCV  
  126  10:09  Barracks  
  126  10:11  Barracks  
  125  10:21  Marauder x2, Marine x2  
  114  10:43  Marauder x2  
  112  10:51  SCV x3  
  115  10:57  Marine  
  115  10:58  Marine  
Tags
 
Add a new tag
Caveats
  • Supply blocks, unpowered buildings, or Contaminate may cause inaccurate times.
  • Supply counts are checked every 10 seconds.